 Dungeon Crawl Stone Soup version 0.26.1-11-gd32895ea62 (webtiles) character file.

Game seed: 4277529459330233612

23 kodamatunes15 the Sneak (level 2, 0/25 HPs)
             Began as a Deep Dwarf Wanderer on May 1, 2021.
             Slain by a kobold
             ... wielding a +0 short sword
              (3 damage)
             ... on level 2 of the Dungeon.
             The game lasted 00:09:57 (1472 turns).

kodamatunes15 the Sneak (Deep Dwarf Wanderer)       Turns: 1472, Time: 00:09:57

Health: 0/25       AC:  3    Str: 15    XL:     2   Next: 72%
Magic:  2/2        EV: 11    Int: 10    God:
Gold:   32         SH:  0    Dex: 14    Spells: 1/1 levels left

rFire    . . .     SeeInvis .   a - +2 quarterstaff
rCold    . . .     Faith    .   (shield currently unavailable)
rNeg     . . .     Spirit   .   c - +1 robe
rPois    .         Reflect  .   (no helmet)
rElec    .         Harm     .   (no cloak)
rCorr    .         Rampage  .   (no gloves)
Will     .....                  (no boots)
Stlth    +++.......             (no amulet)
HPRegen  0.00/turn              (no ring)
MPRegen  0.08/turn              (no ring)

@: non-regenerating
A: damage resistance, heal wounds, sense surroundings 1, no regeneration
a: Heal Wounds


You were on level 2 of the Dungeon.
You visited 1 branch of the dungeon, and saw 2 of its levels.

You collected 32 gold pieces.

Inventory:

Hand Weapons
 a - a +2 quarterstaff (weapon)
 d - a +0 dagger
 g - a +0 dagger of electrocution
 h - a cursed -3 club
 j - a +0 short sword
Missiles
 f - 28 stones
 k - 16 sling bullets
Armour
 c - a +1 robe (worn)
 i - a +0 cloak
Potions
 b - 2 potions of lignification
 e - a potion of curing {unknown}


   Skills:
 + Level 1.0 Fighting
 + Level 1.0 Long Blades
 + Level 1.1 Staves
 + Level 7.0 Stealth
 + Level 2.6 Evocations


You had one spell level left.
You didn't know any spells.
Your spell library was empty.

Dungeon Overview and Level Annotations

Branches:
Dungeon (2/15)

Altars:


Innate Abilities, Weirdness & Mutations

You are resistant to damage.
You can heal yourself by infusing magical energy.
You passively map a small area around you.
You do not regenerate.


Message History

The jackal bites you but does no damage.
You hit the jackal but do no damage.
The jackal is severely wounded.
The jackal closely misses you. The kobold closely misses you.
You barely miss the kobold. The jackal closely misses you.
The kobold hits you with a +0 short sword.
* * * LOW HITPOINT WARNING * * *
The jackal barely misses you.
You barely miss the jackal.
The jackal is severely wounded.
The jackal bites you.
The kobold hits you with a +0 short sword.
* * * LOW HITPOINT WARNING * * *
The jackal bites you.
You closely miss the kobold. The kobold barely misses you.
The jackal closely misses you.
You thump the jackal!
You kill the jackal!
The kobold hits you with a +0 short sword.
You die...

...# #.#
##.#########.# , ,
...........#.# ,*,
.#.#######.#.#####
.#.# #......#.. ,*
.#.# #..#.#.#.#* *
,* , .#.#
#..#...#.# , .#.#
#..#####.##.# .#.#
#......†@K..# *
.#.#
#............... ,
.#.#
########.#######
...# #.# * ####
#.. , #.## * #.#
#.# *


You could see a kobold.

Vanquished Creatures
  A ball python (D:1)
  4 giant cockroaches
  3 goblins (D:1)
  3 hobgoblins (D:1)
  2 jackals (D:2)
  A kobold (D:1)
  8 rats
22 creatures vanquished.

Notes
Turn   | Place    | Note
-------+----------+-------------------------------------------
     0 | D:1      | kodamatunes15 the Deep Dwarf Wanderer began the quest for
                  | the Orb.
     0 | D:1      | kodamatunes15 set off with the following items: a +2
                  | quarterstaff, 2 potions of lignification, a +0 robe, a +0
                  | dagger
     0 | D:1      | Reached XP level 1. HP: 18/18 MP: 1/1
     6 | D:1      | Noticed a lindwurm
     6 | D:1      | Noticed a black bear
     6 | D:1      | Noticed a hog
     7 | D:1      | Noticed a wyvern
     7 | D:1      | Noticed a killer bee
   241 | D:1      | Reached XP level 2. HP: 20/25 MP: 2/2
  1467 | D:2      | Reached skill level 7 in Stealth
  1472 | D:2      | Slain by a kobold

Illustrated notes

Levels and vault maps discovered:
D:1:      onia_arrival_zoo_common, layout_basic, kennysheep_nondescript
D:2:      mumra_celtic_spiral_tile, layout_basic

Skill      XL: |  1  2 |
---------------+-------+-----
Stealth        | 7 |  7.0
Fighting       | |  1.0
Long Blades    | |  1.0
Staves         | |  1.1
Evocations     | |  2.6

Action                   || total
-------------------------++-------
Melee: Quarterstaff      ||    57
  Use: Scroll            ||     1
 Stab: Sleeping          ||     5
Armor: Robe              ||    14
Dodge: Dodged            ||    41
